 Dungeon Sprint DCSS version 0.21-a0-94-gdd6ab6a (webtiles) character file.

5948 poirepourri the Ninja (level 19, -1/89 HPs)
             Began as a Spriggan Enchanter on July 1, 2017.
             Was the Champion of Dithmenos.
             Slain by a catoblepas (10 damage)
             ... in the Dungeon (Sprint VI: "Thunderdome") on July 2, 2017.
             The game lasted 00:41:21 (8033 turns).

poirepourri the Ninja (Spriggan Enchanter)          Turns: 8033, Time: 00:41:21

Health: -1/89      AC:  2    Str:  2    XL:     19   Next: 85%
Magic:  0/48       EV:  4    Int: 21    God:    Dithmenos [******]
Gold:   63         SH:  0    Dex: 42    Spells: 55/67 levels left

rFire    + + +     SeeInvis +   H - +8 quick blade (freeze)
rCold    + . .     Gourm    .   x - +2 buckler {rN+}
rNeg     + + +     Faith    .   J - +2 robe "Loulenic" {Dex+6}
rPois    ∞         Spirit   +   w - +0 hat of Yredelemnul's Esteem {*Corrode rElec MR+}
rElec    +         Reflect  .   v - +1 cloak "Wanetur" {rF+++ rCorr Str-5 Int+4}
rCorr    +         Harm     .   (gloves unavailable)
MR       +++++     NoTele   +   (boots unavailable)
Stlth    ++++++++++             o - amulet "Tapacu Zeokh" {Spirit rF+ Dex+4}
HPRegen  0.24/turn              p - ring of Oraare Muss {rPois rC+ MR+ Dex+4}
MPRegen  0.31/turn              q - ring "Hezow" {Str+3 Dex+4 Stlth+}

@: petrified, corroded, wreathed by umbra, very quick
A: unfitting armour, antennae 1, see invisible, herbivore 3, speed 3, slow
metabolism 2
}: 3/15 runes: decaying, barnacled, elven
a: Shadow Step, Shadow Form, Renounce Religion


You were in the Dungeon.
You worshipped Dithmenos.
Dithmenos was exalted by your worship.
You were not hungry.

You visited 1 branch You collected 6350 gold pieces.
You spent 6287 gold pieces at shops.

Inventory:

Hand Weapons
 a - a +1 dagger of venom
 G - a +0 short sword of protection
 H - a +8 quick blade of freezing (weapon)
Armour
 b - a +0 robe
 h - the +0 buckler "Ipreurgh" {rF+}
   (You bought it in a shop in the Dungeon)

   It protects you from fire.
 r - the +0 robe of Weirdness {Str+3}
   (You bought it in a shop in the Dungeon)

   It affects your strength (+3).
 v - the +1 cloak "Wanetur" (worn) {rF+++ rCorr Str-5 Int+4}
   (You bought it in a shop in the Dungeon)

   It affects your strength (-5).
   It affects your intelligence (+4).
   It renders you almost immune to fire.
   It protects you from acid and corrosion.
 w - the +0 hat of Yredelemnul's Esteem (worn) {*Corrode rElec MR+}
   (You bought it in a shop in the Dungeon)

   It insulates you from electricity.
   It affects your resistance to hostile enchantments.
   It may corrode you when you take damage.
 x - a +2 buckler of positive energy (worn)
 C - the +0 hat of Henotheism {+Fly rC- Int+4}
   (You found it in the Dungeon)

   It affects your intelligence (+4).
   It makes you vulnerable to cold.
   It lets you fly.
 D - the cursed +0 robe of Weirdness {Str+3}
   (You bought it in a shop in the Dungeon)

   It affects your strength (+3).
   It has a curse placed upon it.
 E - a +1 robe of resistance
 J - the +2 robe "Loulenic" (worn) {Dex+6}
   (You bought it in a shop in the Dungeon)

   It affects your dexterity (+6).
Jewellery
 o - the amulet "Tapacu Zeokh" (around neck) {Spirit rF+ Dex+4}
   (You bought it in a shop in the Dungeon)

   [amulet of guardian spirit]

   It causes incoming damage to be split between your health and magic.
   It affects your dexterity (+4).
   It protects you from fire.
 p - the ring of Oraare Muss (left hand) {rPois rC+ MR+ Dex+4}
   (You bought it in a shop in the Dungeon)

   [ring of protection from cold]

   It affects your dexterity (+4).
   It protects you from cold.
   It protects you from poison.
   It affects your resistance to hostile enchantments.
 q - the ring "Hezow" (right hand) {Str+3 Dex+4 Stlth+}
   (You bought it in a shop in the Dungeon)

   [ring of strength]

   It affects your strength (+3).
   It affects your dexterity (+4).
   It makes you more stealthy.
Wands
 d - a wand of acid (4/15)
 i - a wand of iceblast (5/15)
 l - a wand of acid (2/15)
 m - a wand of iceblast (2/15)
 t - a wand of acid (5/15)
 u - a wand of iceblast (5/15)
 y - a wand of acid (5/15)
 A - a wand of iceblast (5/15)
 I - a wand of acid (4/15)
Scrolls
 j - 8 scrolls of blinking
 n - 12 scrolls of fog
 F - 14 scrolls of remove curse
Potions
 e - 5 potions of magic
 f - 5 potions of curing
 g - 10 potions of haste
 k - 4 potions of resistance
 z - 4 potions of heal wounds
Books
 c - a book of Maledictions

   Spells                             Type                      Level
   a - Corona                         Hexes                        1
   b - Ensorcelled Hibernation        Hexes/Ice                    2
   c - Confuse                        Hexes                        3
   d - Tukima's Dance                 Hexes                        3
   e - Dazzling Spray                 Conjuration/Hexes            3
Comestibles
 s - 5 royal jellies


   Skills:
 + Level 5.7 Fighting
 + Level 10.9 Short Blades
 + Level 1.2 Armour
 + Level 18.0 Dodging
 O Level 27 Stealth
 - Level 7.5 Shields
 + Level 24.6 Spellcasting
 + Level 8.8 Conjurations
 + Level 24.5 Hexes
 + Level 3.8 Invocations
 + Level 1.1 Evocations


You had 55 spell levels left.
You knew the following spells:

 Your Spells              Type           Power        Failure   Level  Hunger
a - Corona                Hex            #######      0%          1    None
b - Ensorcelled Hibernat  Hex/Ice        ######       0%          2    None
c - Confuse               Hex            #######.     0%          3    None
d - Tukima's Dance        Hex            #######.     0%          3    None
e - Dazzling Spray        Conj/Hex       ######       0%          3    None


Dungeon Overview and Level Annotations

Branches:
Dungeon (1/1)

Altars:
Cheibriados
Dithmenos
Fedhas
Gozag
Kikubaaqudgha
Makhleb
Okawaru
Qazlal
Ru
Sif Muna
Trog
Uskayaw
Vehumet
Wu Jian
Xom
Yredelemnul
Zin
The Shining One
Beogh
Jiyva
Lugonu

Shops:
D *[%??*?*:[((!!!!


Innate Abilities, Weirdness & Mutations

You are very small and have problems with some larger weapons.
You are too small for most types of armour.
You have supernaturally acute eyesight. (SInv)
You are a herbivore.
You cover ground extremely quickly.
You need consume almost no food.
You have a pair of small antennae on your head.


Message History

You are engulfed in calcifying dust.
The catoblepas breathes a plume of calcifying dust at you.
The blast of calcifying dust hits you! The catoblepas gores you!
You are engulfed in calcifying dust.
The catoblepas breathes a plume of calcifying dust at you.
The blast of calcifying dust hits you! The catoblepas gores you!!
* * * LOW HITPOINT WARNING * * *
You emit a cloud of dark smoke.
The catoblepas breathes a plume of calcifying dust at you.
The blast of calcifying dust hits you!
* * * LOW HITPOINT WARNING * * *
You are engulfed in calcifying dust.
The catoblepas gores you!
* * * LOW HITPOINT WARNING * * *
The catoblepas gores you!!
* * * LOW HITPOINT WARNING * * *
The catoblepas gores you!
* * * LOW HITPOINT WARNING * * *
You are engulfed in calcifying dust.
The catoblepas completely misses you. The catoblepas gores you!!
You die...

##.....## ##∩.....∩##
#∩.......∩# #_......._#
#_........# #_.....†._#
###..§§§....### #(.§§§Y§.(...⌠#
######(8.§@Y§§...8.######
##∩___....§Y###.......__∩##
###∩..[....§8§# #§8)Y..)...∩##
##...........[)###§............
#⌠....[)....###..§###††.(......
#⌠....(..[..# #.Y§# #.......)..
#⌠...(..)...###.()###....).....
##......[.....÷#.#...[.........
###∩.(.....[8(##..8.[......∩##


You could see 3 catoblepae.

Vanquished Creatures
  A deep elf elementalist (D)
  3 acid blobs (D)
  A merfolk avatar (D)
  2 emperor scorpions (D)
  A mummy priest (D)
  A great orb of eyes (D)
  6 ogre magi (D)
  3 hydras (D)
  2 wizards (D)
  2 two-headed ogres (D)
  9 catoblepae (D)
  4 alligators (D)
  4 hell hogs (D)
  2 orc high priests (D)
  A deep elf knight (D)
  2 spriggans (D)
  A glowing orange brain (shapeshifter) (D)
  3 harpies (D)
  2 orc knights (D)
  A deep elf archer (D)
  2 orb spiders (D)
  Pikel (D)
  A wolf spider (D)
  A faun (D)
  A manticore (shapeshifter) (D)
  2 shining eyes (D)
  17 ugly things (D)
  5 deep elf magi (D)
  2 manticores (D)
  A black mamba (shapeshifter) (D)
  2 merfolk sirens (D)
  A cyclops (D)
  A water nymph (D)
  A gargoyle (D)
  A spiny frog (D)
  A demonic crawler (D)
  2 efreet (D)
  2 rime drakes (shapeshifter) (D)
  A rime drake (D)
  A queen bee (D)
  8 guardian mummies (D)
  A jumping spider (D)
  2 merfolk (D)
  A meliai (shapeshifter) (D)
  A wind drake (D)
  3 hornets (D)
  2 tyrant leeches (D)
  2 hippogriffs (shapeshifter) (D)
  A slime creature (D)
  2 hippogriffs (D)
  A dream sheep (shapeshifter) (D)
  2 bog bodies (D)
  3 air elementals (D)
  A redback (D)
  Sigmund (D)
  A tarantella (D)
  A water elemental (D)
  A yak (shapeshifter) (D)
  A spriggan (shapeshifter) (D)
  2 tarantellas (shapeshifter) (D)
  A fire elemental (D)
  A steam dragon (D)
  20 neqoxecs (D)
  7 hungry ghosts (D)
  A soldier ant (shapeshifter) (D)
  An insubstantial wisp (D)
  2 hell hounds (D)
  3 orc warriors (D)
  2 ice beasts (D)
  An eye of draining (D)
  A necrophage (D)
  2 ogres (D)
  A centaur (D)
  3 scorpions (D)
  6 killer bees (D)
  An orc priest (D)
  A jelly (D)
  Jessica (D)
  2 orc wizards (D)
  A lightning spire (D)
  10 worker ants (D)
  Terence (D)
  5 mummies (D)
  3 adders (D)
  3 river rats (D)
  5 oozes (D)
  A worm (D)
  An adder simulacrum (D)
  2 bat simulacra (D)
  A bat skeleton (D)
  2 quokkas (D)
  3 ball pythons (D)
  3 goblins (D)
  A jackal skeleton (D)
  4 kobolds (D)
  A quokka zombie (D)
  2 rats (D)
240 creatures vanquished.

Vanquished Creatures (others)
  An eldritch tentacle (D)
  A water elemental (D)
  2 kobolds (D)
4 creatures vanquished.

Grand Total: 244 creatures vanquished

Notes
Turn   | Place    | Note
-------+----------+-------------------------------------------
     0 | D        | poirepourri the Spriggan Enchanter began the quest for the Orb.
     0 | D        | Reached XP level 1. HP: 9/9 MP: 5/5
     4 | D        | Found a basalt altar of Yredelemnul.
     4 | D        | Found a glowing silver altar of Zin.
     5 | D        | Found a corrupted altar of Lugonu.
     5 | D        | Found a sacrificial altar of Ru.
     6 | D        | Found a burning altar of Makhleb.
     6 | D        | Found an ornate altar of the Wu Jian Council.
     7 | D        | Found Cituaz's Bee Food.
     7 | D        | Found a hide-covered altar of Uskayaw.
     7 | D        | Found an ancient bone altar of Kikubaaqudgha.
     7 | D        | Found a stormy altar of Qazlal.
     7 | D        | Found Keita's Identification Station.
     8 | D        | Found Kickoa's Jewellery.
     8 | D        | Found Waev's Advanced Armour.
     9 | D        | Round 1.
    16 | D        | Bought a wavering tin amulet for 45 gold pieces
    16 | D        | Bought a sparkling amber ring for 45 gold pieces
    16 | D        | Bought a translucent turquoise ring for 45 gold pieces
    16 | D        | Identified the amulet "Tapacu Zeokh" {Spirit rF+ Dex+4} (You bought it in a shop in the Dungeon)
    17 | D        | Identified the ring of Oraare Muss {rPois rC+ MR+ Dex+4} (You bought it in a shop in the Dungeon)
    18 | D        | Identified the ring "Hezow" {Str+3 Dex+4 Stlth+} (You bought it in a shop in the Dungeon)
    22 | D        | Found a radiant altar of Vehumet.
    23 | D        | Found a viscous altar of Jiyva.
    24 | D        | Found a roughly hewn altar of Beogh.
    25 | D        | Found Fihotole's Premium Goods.
    26 | D        | Found Pyziegha's Miscellaneous Merchandise.
    26 | D        | Found Qoemm's Basic Armour.
    27 | D        | Found a bloodstained altar of Trog.
    27 | D        | Found a shadowy altar of Dithmenos.
    27 | D        | Found a blossoming altar of Fedhas.
    27 | D        | Found Ylail's Weapon Rack.
    31 | D        | Found an opulent altar of Gozag.
    31 | D        | Noticed a jelly
    36 | D        | Became a worshipper of Dithmenos the Shadowed
    39 | D        | Found a glowing golden altar of the Shining One.
    40 | D        | Found Legaqewk's Do-It-Yourself Clinic.
    42 | D        | Found Bigilich's Bottled Wisdom.
    42 | D        | Found Malef's Distillery.
    49 | D        | Reached skill level 5 in Stealth
    51 | D        | Reached skill level 6 in Stealth
    51 | D        | Reached XP level 2. HP: 13/13 MP: 1/7
    56 | D        | Learned a level 2 spell: Ensorcelled Hibernation
    84 | D        | Reached * piety under Dithmenos
    84 | D        | Reached skill level 7 in Stealth
    84 | D        | Reached skill level 5 in Hexes
    84 | D        | Reached skill level 1 in Evocations
    84 | D        | Reached XP level 3. HP: 16/16 MP: 0/9
   135 | D        | Found Nuomep's Magic Scroll Shop.
   137 | D        | Found Jiodif's Magic Scroll Shop.
   137 | D        | Found Fudd's Must-Have Magic.
   139 | D        | Found a shimmering altar of Xom.
   139 | D        | Found a snail-covered altar of Cheibriados.
   139 | D        | Found Taosal's Staff Store.
   148 | D        | Found a deep blue altar of Sif Muna.
   149 | D        | Found an iron altar of Okawaru.
   155 | D        | Reached ** piety under Dithmenos
   155 | D        | Arena points: 14 (+14) [x2]
   193 | D        | Round 2.
   194 | D        | Noticed Pikel
   209 | D        | Found Pusoe's Distillery.
   229 | D        | Noticed a big kobold
   247 | D        | Killed Pikel
   247 | D        | Reached skill level 1 in Fighting
   247 | D        | Reached skill level 13 in Stealth
   247 | D        | Reached skill level 10 in Hexes
   247 | D        | Reached XP level 4. HP: 16/22 MP: 0/14
   247 | D        | Reached XP level 5. HP: 18/25 MP: 0/16
   247 | D        | Reached XP level 6. HP: 22/30 MP: 0/17
   274 | D        | Arena points: 32 (+18) [x3]
   290 | D        | Round 3.
   301 | D        | Noticed a neqoxec
   310 | D        | Killed a neqoxec
   310 | D        | Reached XP level 7. HP: 30/33 MP: 2/19
   317 | D        | Noticed a neqoxec
   332 | D        | Killed a neqoxec
   332 | D        | Reached *** piety under Dithmenos
   332 | D        | Reached skill level 14 in Stealth
   368 | D        | Noticed a neqoxec
   384 | D        | Killed a neqoxec
   384 | D        | Reached skill level 5 in Short Blades
   388 | D        | Noticed a neqoxec
   389 | D        | Learned a level 3 spell: Confuse
   393 | D        | Learned a level 3 spell: Tukima's Dance
   398 | D        | Gained mutation: You have a pair of small antennae on your head. [a neqoxec]
   439 | D        | Killed a neqoxec
   439 | D        | Reached skill level 15 in Stealth
   451 | D        | Noticed a neqoxec
   453 | D        | Noticed a neqoxec
   458 | D        | Killed a neqoxec
   458 | D        | Reached XP level 8. HP: 28/37 MP: 2/22
   459 | D        | Reached **** piety under Dithmenos
   459 | D        | Arena points: 116 (+84) [x4]
   459 | D        | Reached skill level 10 in Spellcasting
   503 | D        | Round 4.
   512 | D        | Noticed a guardian mummy
   551 | D        | Bought a warped robe for 199 gold pieces
   561 | D        | Identified the cursed +0 robe of Weirdness {Str+3} (You bought it in a shop in the Dungeon)
   581 | D        | Killed a guardian mummy
   614 | D        | Reached ***** piety under Dithmenos
   621 | D        | Bought 3 royal jellies for 24 gold pieces
   636 | D        | Noticed a guardian mummy
   642 | D        | Killed a guardian mummy
   642 | D        | Reached skill level 16 in Stealth
   667 | D        | Noticed a guardian mummy
   675 | D        | Killed a guardian mummy
   675 | D        | Arena points: 256 (+140) [x5]
   743 | D        | Round 5.
   759 | D        | Noticed a hornet
   765 | D        | Killed a hornet
   765 | D        | Reached XP level 9. HP: 36/42 MP: 17/26
   773 | D        | Round 1.
   806 | D        | Found a glowing silver altar of Zin.
   808 | D        | Found a sacrificial altar of Ru.
   809 | D        | Found a hide-covered altar of Uskayaw.
   823 | D        | Found Nuomep's Magic Scroll Shop.
   825 | D        | Found Jiodif's Magic Scroll Shop.
   825 | D        | Found Fudd's Must-Have Magic.
   841 | D        | Found a shimmering altar of Xom.
   841 | D        | Found a snail-covered altar of Cheibriados.
   841 | D        | Found Taosal's Staff Store.
   856 | D        | Found a deep blue altar of Sif Muna.
   857 | D        | Found an iron altar of Okawaru.
   858 | D        | Found Pusoe's Distillery.
   859 | D        | Found Malef's Distillery.
   859 | D        | Found Bigilich's Bottled Wisdom.
   859 | D        | Found an opulent altar of Gozag.
   859 | D        | Found a glowing golden altar of the Shining One.
   859 | D        | Found Legaqewk's Do-It-Yourself Clinic.
   867 | D        | Found a bloodstained altar of Trog.
   868 | D        | Found a shadowy altar of Dithmenos.
   869 | D        | Found a blossoming altar of Fedhas.
   870 | D        | Found Ylail's Weapon Rack.
   871 | D        | Found a radiant altar of Vehumet.
   871 | D        | Found a viscous altar of Jiyva.
   871 | D        | Found a roughly hewn altar of Beogh.
   871 | D        | Found Fihotole's Premium Goods.
   871 | D        | Found Qoemm's Basic Armour.
   871 | D        | Found Pyziegha's Miscellaneous Merchandise.
   888 | D        | Bought a distressingly furry cloak for 332 gold pieces
   893 | D        | Identified the +1 cloak "Wanetur" {rF+++ rCorr Str-5 Int+4} (You bought it in a shop in the Dungeon)
   968 | D        | Arena points: 270 (+14) [x2]
   999 | D        | Round 2.
  1019 | D        | Reached ****** piety under Dithmenos
  1073 | D        | Reached skill level 17 in Stealth
  1088 | D        | Arena points: 312 (+42) [x3]
  1157 | D        | Round 3.
  1160 | D        | Noticed a merfolk
  1160 | D        | Noticed a cyclops
  1162 | D        | Noticed a merfolk siren
  1169 | D        | Killed a cyclops
  1172 | D        | Killed a merfolk
  1176 | D        | Killed a merfolk siren
  1176 | D        | Reached skill level 18 in Stealth
  1247 | D        | Noticed a merfolk siren
  1255 | D        | Reached skill level 10 in Dodging
  1260 | D        | Killed a merfolk siren
  1270 | D        | Arena points: 330 (+18) [x1]
  1286 | D        | Round 4.
  1325 | D        | Noticed a rime drake
  1338 | D        | Killed a rime drake
  1338 | D        | Reached XP level 10. HP: 47/47 MP: 20/28
  1498 | D        | Arena points: 358 (+28) [x1]
  1522 | D        | Round 5.
  1527 | D        | Noticed a witch
  1535 | D        | Killed a witch
  1535 | D        | Arena points: 478 (+120) [x3]
  1535 | D        | Reached skill level 19 in Stealth
  1535 | D        | Reached skill level 15 in Hexes
  1538 | D        | Got a decaying rune of Zot
  1540 | D        | Reached XP level 11. HP: 51/51 MP: 18/29
  1631 | D        | Bought a crude hat for 315 gold pieces
  1636 | D        | Identified the +0 hat of Yredelemnul's Esteem {*Corrode rElec MR+} (You bought it in a shop in the Dungeon)
  1736 | D        | Round 6.
  1967 | D        | Learned a level 3 spell: Dazzling Spray
  1982 | D        | Arena points: 520 (+42) [x1]
  2006 | D        | Round 7.
  2078 | D        | Noticed a mummy priest
  2082 | D        | Noticed a sixfirhy
  2115 | D        | Killed a mummy priest
  2115 | D        | Reached skill level 20 in Stealth
  2115 | D        | Reached skill level 5 in Shields
  2131 | D        | Reached skill level 15 in Spellcasting
  2175 | D        | Arena points: 646 (+126) [x2]
  2224 | D        | Round 8.
  2237 | D        | Noticed a purple ugly thing
  2239 | D        | Noticed a brown ugly thing
  2246 | D        | Noticed a purple ugly thing
  2246 | D        | Noticed a cyan ugly thing
  2248 | D        | Killed a purple ugly thing
  2254 | D        | Noticed a cyan ugly thing
  2258 | D        | Killed a purple ugly thing
  2281 | D        | Killed a brown ugly thing
  2286 | D        | Noticed a red ugly thing
  2291 | D        | Killed a brown ugly thing
  2296 | D        | Killed a brown ugly thing
  2299 | D        | Noticed a green ugly thing
  2308 | D        | Noticed a red ugly thing
  2333 | D        | Killed a red ugly thing
  2353 | D        | Killed a green ugly thing
  2353 | D        | Reached skill level 21 in Stealth
  2381 | D        | Killed a purple ugly thing
  2381 | D        | Arena points: 862 (+216) [x3]
  2411 | D        | Round 9.
  2435 | D        | Bought a faintly humming buckler for 332 gold pieces
  2471 | D        | Reached XP level 12. HP: 38/56 MP: 0/33
  2621 | D        | Arena points: 916 (+54) [x1]
  2644 | D        | Round 10.
  2645 | D        | Noticed Ilsuiw
  2935 | D        | Arena points: 956 (+40) [x1]
  2940 | D        | Got a barnacled rune of Zot
  2941 | D        | Bought 6 potions of magic for 336 gold pieces
  2941 | D        | Bought a potion of curing for 21 gold pieces
  3136 | D        | Round 11.
  3300 | D        | Identified the +0 buckler "Ipreurgh" {rF+} (You bought it in a shop in the Dungeon)
  3303 | D        | Arena points: 1198 (+242) [x2]
  3346 | D        | Round 12.
  3371 | D        | Reached skill level 1 in Conjurations
  3403 | D        | Reached skill level 22 in Stealth
  3437 | D        | Noticed an orc high priest
  3442 | D        | Killed an orc high priest
  3500 | D        | Noticed an orc high priest
  3514 | D        | Killed an orc high priest
  3529 | D        | Arena points: 1594 (+396) [x3]
  3549 | D        | Round 13.
  3550 | D        | Noticed an alligator
  3557 | D        | Reached skill level 23 in Stealth
  3559 | D        | Killed an alligator
  3575 | D        | Noticed a six-headed hydra
  3589 | D        | Round 1.
  3609 | D        | Found a bloodstained altar of Trog.
  3613 | D        | Found a shimmering altar of Xom.
  3641 | D        | Noticed Jessica
  3641 | D        | Found a basalt altar of Yredelemnul.
  3641 | D        | Found a glowing silver altar of Zin.
  3642 | D        | Found a corrupted altar of Lugonu.
  3642 | D        | Found a sacrificial altar of Ru.
  3643 | D        | Found a burning altar of Makhleb.
  3643 | D        | Found an ornate altar of the Wu Jian Council.
  3644 | D        | Found Cituaz's Bee Food.
  3644 | D        | Found an ancient bone altar of Kikubaaqudgha.
  3644 | D        | Found a stormy altar of Qazlal.
  3644 | D        | Found Keita's Identification Station.
  3645 | D        | Found Kickoa's Jewellery.
  3645 | D        | Found Waev's Advanced Armour.
  3645 | D        | Found a hide-covered altar of Uskayaw.
  3648 | D        | Found Nuomep's Magic Scroll Shop.
  3648 | D        | Found Jiodif's Magic Scroll Shop.
  3650 | D        | Found Fudd's Must-Have Magic.
  3651 | D        | Killed Jessica
  3738 | D        | Arena points: 1606 (+12) [x2]
  3790 | D        | Found a radiant altar of Vehumet.
  3800 | D        | Found a viscous altar of Jiyva.
  3800 | D        | Found a roughly hewn altar of Beogh.
  3803 | D        | Found a shadowy altar of Dithmenos.
  3803 | D        | Found a blossoming altar of Fedhas.
  3803 | D        | Found Fihotole's Premium Goods.
  3803 | D        | Found Ylail's Weapon Rack.
  3804 | D        | Found Pyziegha's Miscellaneous Merchandise.
  3804 | D        | Found Qoemm's Basic Armour.
  3819 | D        | Bought 3 potions of heal wounds for 105 gold pieces
  3819 | D        | Bought 3 potions of heal wounds for 105 gold pieces
  3819 | D        | Bought 3 potions of heal wounds for 105 gold pieces
  3819 | D        | Bought 4 potions of curing for 84 gold pieces
  3829 | D        | Bought 6 potions of magic for 336 gold pieces
  3835 | D        | Round 2.
  3848 | D        | Found a snail-covered altar of Cheibriados.
  3848 | D        | Found Taosal's Staff Store.
  4022 | D        | Bought 3 royal jellies for 24 gold pieces
  4039 | D        | Arena points: 1642 (+36) [x3]
  4083 | D        | Round 3.
  4102 | D        | Round 1.
  4104 | D        | Noticed Sigmund
  4105 | D        | Found a bloodstained altar of Trog.
  4108 | D        | Found a shadowy altar of Dithmenos.
  4110 | D        | Found a blossoming altar of Fedhas.
  4110 | D        | Found Ylail's Weapon Rack.
  4110 | D        | Found Qoemm's Basic Armour.
  4111 | D        | Killed Sigmund
  4130 | D        | Found Pyziegha's Miscellaneous Merchandise.
  4131 | D        | Found a radiant altar of Vehumet.
  4131 | D        | Found a viscous altar of Jiyva.
  4131 | D        | Found a roughly hewn altar of Beogh.
  4131 | D        | Found Fihotole's Premium Goods.
  4138 | D        | Found an ancient bone altar of Kikubaaqudgha.
  4142 | D        | Found a stormy altar of Qazlal.
  4142 | D        | Found an ornate altar of the Wu Jian Council.
  4143 | D        | Found Keita's Identification Station.
  4145 | D        | Found Waev's Advanced Armour.
  4145 | D        | Found Kickoa's Jewellery.
  4145 | D        | Found a basalt altar of Yredelemnul.
  4145 | D        | Found a corrupted altar of Lugonu.
  4145 | D        | Found a burning altar of Makhleb.
  4145 | D        | Found Cituaz's Bee Food.
  4153 | D        | Found a shimmering altar of Xom.
  4209 | D        | Noticed Terence
  4229 | D        | Killed Terence
  4229 | D        | Arena points: 1654 (+12) [x2]
  4289 | D        | Found a glowing silver altar of Zin.
  4291 | D        | Round 2.
  4312 | D        | Found a snail-covered altar of Cheibriados.
  4313 | D        | Found a sacrificial altar of Ru.
  4313 | D        | Found a hide-covered altar of Uskayaw.
  4313 | D        | Found Taosal's Staff Store.
  4313 | D        | Found Nuomep's Magic Scroll Shop.
  4314 | D        | Found Fudd's Must-Have Magic.
  4314 | D        | Found Jiodif's Magic Scroll Shop.
  4452 | D        | Arena points: 1696 (+42) [x3]
  4503 | D        | Round 3.
  4567 | D        | Arena points: 1780 (+84) [x4]
  4604 | D        | Round 4.
  4690 | D        | Arena points: 1940 (+160) [x5]
  4755 | D        | Round 5.
  4872 | D        | Noticed an alligator
  4876 | D        | Killed an alligator
  4882 | D        | Arena points: 2220 (+280) [x7]
  4901 | D        | Got a heavily runed hat
  4915 | D        | Bought 3 scrolls of identify for 150 gold pieces
  4915 | D        | Identified the +0 hat of Henotheism {+Fly rC- Int+4} (You found it in the Dungeon)
  5086 | D        | Round 6.
  5200 | D        | Reached XP level 13. HP: 55/60 MP: 27/36
  5230 | D        | Reached skill level 24 in Stealth
  5281 | D        | Arena points: 2652 (+432) [x8]
  5313 | D        | Round 7.
  5359 | D        | Bought 3 potions of experience for 900 gold pieces
  5359 | D        | Reached skill level 15 in Dodging
  5359 | D        | Reached skill level 1 in Invocations
  5359 | D        | Reached XP level 14. HP: 65/65 MP: 34/37
  5360 | D        | Reached XP level 15. HP: 69/69 MP: 34/38
  5361 | D        | Reached XP level 16. HP: 74/74 MP: 34/39
  5362 | D        | Reached skill level 1 in Armour
  5362 | D        | Reached XP level 17. HP: 77/77 MP: 35/40
  5466 | D        | Reached skill level 25 in Stealth
  5478 | D        | Arena points: 3282 (+630) [x9]
  5545 | D        | Round 8.
  5716 | D        | Arena points: 3714 (+432) [x8]
  5777 | D        | Round 7.
  5866 | D        | Bought a scroll of brand weapon for 200 gold pieces
  5874 | D        | Bought 15 scrolls of remove curse for 450 gold pieces
  5963 | D        | Reached skill level 26 in Stealth
  5969 | D        | Arena points: 4344 (+630) [x9]
  6025 | D        | Round 8.
  6177 | D        | Arena points: 4408 (+64) [x1]
  6202 | D        | Round 9.
  6290 | D        | Reached skill level 5 in Conjurations
  6394 | D        | Bought a scroll of brand weapon for 200 gold pieces
  6432 | D        | Arena points: 4606 (+198) [x2]
  6459 | D        | Round 10.
  6471 | D        | Bought 8 scrolls of enchant weapon for 600 gold pieces
  6486 | D        | Reached skill level 27 in Stealth
  6560 | D        | Arena points: 4966 (+360) [x4]
  6560 | D        | Reached skill level 10 in Short Blades
  6564 | D        | Reached XP level 18. HP: 84/84 MP: 25/43
  6766 | D        | Round 11.
  6965 | D        | Arena points: 5076 (+110) [x1]
  6990 | D        | Round 12.
  6999 | D        | Bought a +0 quick blade for 450 gold pieces
  7113 | D        | Reached skill level 5 in Fighting
  7202 | D        | Arena points: 5196 (+120) [x1]
  7223 | D        | Round 13.
  7363 | D        | Arena points: 5313 (+117) [x1]
  7372 | D        | Bought 6 potions of magic for 336 gold pieces
  7381 | D        | Round 14.
  7579 | D        | Arena points: 5453 (+140) [x1]
  7595 | D        | Round 15.
  7649 | D        | Arena points: 5948 (+495) [x3]
  7652 | D        | Got an elven rune of Zot
  7653 | D        | Reached XP level 19. HP: 77/88 MP: 11/48
  7720 | D        | Bought 3 scrolls of identify for 150 gold pieces
  7722 | D        | Bought a warped robe for 199 gold pieces
  7722 | D        | Bought a dull robe for 199 gold pieces
  7722 | D        | Identified the +2 robe "Loulenic" {Dex+6} (You bought it in a shop in the Dungeon)
  7723 | D        | Identified the cursed +0 robe of Weirdness {Str+3} (You bought it in a shop in the Dungeon)
  7857 | D        | Round 16.
  8033 | D        | Slain by a catoblepas

Vault maps used:
D:        arena_sprint

Skill      XL: |  1  2  3  4  5  6  7  8  9 10 11 12 13 14 15 16 17 18 19 |
---------------+----------------------------------------------------------+-----
Stealth        | 6 7 13 15 16 18 19 21 23 24 27 | 27.0
Spellcasting   | 3 4 7 8 9 12 13 16 18 20 24 | 24.6
Hexes          | 4 5 10 11 12 13 14 15 16 18 19 21 23 24 | 24.5
Dodging        | 4 6 7 8 10 11 12 14 15 16 17 18 | 18.0
Evocations     | 1 |  1.1
Fighting       | 1 2 3 4 5 |  5.7
Short Blades   | 4 5 6 7 8 9 10 | 10.9
Shields        | 3 6 7 |  7.5
Conjurations   | 3 4 6 8 |  8.8
Invocations    | 1 2 3 |  3.8
Armour         | 1 |  1.2

Action                   |  1- 3 |  4- 6 |  7- 9 | 10-12 | 13-15 | 16-18 | 19-21 || total
-------------------------+-------+-------+-------+-------+-------+-------+-------++-------
Melee: Dagger            |     5 |     4 |    48 |   209 |     8 |    22 |       ||   296
       Short sword       |       |       |       |       |       |    71 |       ||    71
       Quick blade       |       |       |       |       |       |    50 |    15 ||    65
 Cast: Ensorcelled Hiber |     7 |     3 |    33 |    54 |     2 |    74 |     4 ||   177
       Confuse           |       |       |    20 |    60 |     4 |    38 |       ||   122
       Dazzling Spray    |       |       |       |    66 |     2 |   127 |    18 ||   213
Invok: Shadow Step       |       |       |       |     1 |       |       |       ||     1
Evoke: Wand              |     4 |       |     2 |       |       |       |     1 ||     7
  Use: Potion            |       |       |     1 |    15 |     3 |    23 |     4 ||    46
       Scroll            |       |       |       |     5 |     1 |    13 |     3 ||    22
 Stab: Sleeping          |     4 |     1 |    16 |    35 |     1 |    24 |     1 ||    82
       Distracted        |     1 |       |       |     5 |     1 |     1 |       ||     8
       Confused          |       |       |    13 |    38 |     1 |    22 |       ||    74
       Invisible         |       |       |       |     5 |     1 |    24 |     7 ||    37
  Eat: Bread ration      |       |       |       |     1 |       |       |       ||     1
       Royal jelly       |       |       |       |       |       |     1 |       ||     1
Armor: Robe              |       |       |     1 |     1 |     1 |     5 |     3 ||    11
Dodge: Dodged            |     1 |     2 |    62 |   268 |     3 |   173 |    10 ||   519
Block: Buckler           |       |       |       |    39 |     7 |    94 |    10 ||   150
